 Dungeon Crawl Stone Soup version 0.29-a0-284-gf9362112df (webtiles) character file.

Game seed: 44648583474327990

93 siradein the Vexing (level 4, -1/33 HPs)
             Began as a Vampire Arcane Marksman on Mar 18, 2022.
             Slain by a gnoll
             ... wielding a +0 club
              (8 damage)
             ... on level 2 of the Dungeon.
             The game lasted 00:05:11 (1729 turns).

siradein the Vexing (Vampire Arcane Marksman)       Turns: 1729, Time: 00:05:12

Health: -1/33      AC:  3    Str:  9    XL:     4   Next: 36%
Magic:  5/5        EV: 13    Int: 17    God:
Gold:   120        SH:  0    Dex: 14    Spells: 1/5 levels left

rFire   . . .      SeeInvis +   a - +0 hand crossbow
rCold   . . .      Faith    .   (no shield)
rNeg    . . .      Spirit   .   b - +0 robe
rPois   .          Reflect  .   f - +0 helmet
rElec   .          Harm     .   (no cloak)
rCorr   .          Rampage  .   (no gloves)
Will    .....                   (no boots)
Stlth   +.........              (no amulet)
HPRegen 0.31/turn               (no ring)
MPRegen 0.09/turn               (no ring)

@: healing quickly
A: alive, fangs 3, see invisible, vampiric 2
a: Exsanguinate


You were on level 2 of the Dungeon.
You visited 1 branch of the dungeon, and saw 2 of its levels.

You collected 120 gold pieces.

Inventory:

Hand Weapons
 a - a +0 hand crossbow (weapon)
Armour
 b - a +0 robe (worn)
 f - a +0 helmet (worn)
Jewellery
 l - a +6 ring of intelligence
Scrolls
 c - a scroll of vulnerability
 e - a scroll of magic mapping {unknown}
 g - a scroll of identify {unknown}
 i - a scroll of noise {unknown}
 j - a scroll of immolation {unknown}
Potions
 d - 2 potions of ambrosia {unknown}
 h - a potion of heal wounds {unknown}
 k - a potion of might {unknown}


   Skills:
 + Level 1.7 Fighting
 * Level 2.7 Crossbows
 + Level 2.9 Dodging
 + Level 1.2 Spellcasting
 * Level 4.8 Hexes
 + Level 0.5 Translocations


You had one spell level left.
You knew the following spells:

 Your Spells              Type           Power      Damage    Failure   Level
a - Slow                  Hex            68%        N/A       3%          1
b - Portal Projectile     Hex/Tloc       20%        N/A       22%         3

Your spell library contained the following spells:

 Spells                   Type           Power      Damage    Failure   Level
 Foxfire                  Conj/Fire      4%         2x1d4     22%         1
 Inner Flame              Hex/Fire       9%         N/A       24%         3
 Cause Fear               Hex            8%         N/A       28%         4
 Conjure Flame            Conj/Fire      1%         6-21      54%         3
 Ozocubu's Armour         Ice            1%         N/A       54%         3
 Flame Wave               Conj/Fire      1%         2d4       91%         4
 Ozocubu's Refrigeration  Ice            0%         4d5       100%        7


Dungeon Overview and Level Annotations

Branches:
Dungeon (2/15)

Altars:


Innate Abilities, Weirdness & Mutations

Your natural rate of healing is accelerated.
You have razor-sharp teeth.
You have supernaturally acute eyesight. (SInv)
You are afflicted with vampirism and can become a bat while bloodless.


Message History

You shoot a bolt.
The bolt hits the kobold but does no damage.
You shoot a bolt. The bolt hits the kobold.
You kill the kobold!
No target in view!
No target in view!
You now have 120 gold pieces (gained 18).
l - a +6 ring of intelligence
Found 26 stones.
There is an open door here.
There is an open door here. 2 gnolls come into view.
The gnoll shouts!
You shoot a bolt.
The bolt hits the gnoll but does no damage.
You shoot a bolt. The bolt barely misses the gnoll.
You shoot a bolt. The bolt closely misses the gnoll.
You shoot a bolt. The bolt hits the gnoll.
The gnoll is moderately wounded.
The gnoll hits you with a +0 whip.
You shoot a bolt.
The bolt hits the gnoll but does no damage.
The gnoll is moderately wounded.
The gnoll completely misses you. The gnoll hits you with a +0 flail!
The gnoll hits you with a +0 whip.
You shoot a bolt. The bolt completely misses the gnoll.
The gnoll hits you with a +0 flail. The gnoll barely misses you.
The gnoll barely misses you. The gnoll attacks as you move away!
The gnoll hits you with a +0 whip. The gnoll attacks as you move away!
The gnoll closely misses you. The gnoll attacks as you move away!
The gnoll barely misses you.
The gnoll shouts!
The gnoll barely misses you. The gnoll attacks as you move away!
The gnoll barely misses you. The gnoll attacks as you move away!
The gnoll hits you with a +0 flail!
* * * LOW HITPOINT WARNING * * *
The gnoll misses you. The gnoll attacks as you move away!
The gnoll barely misses you. The gnoll attacks as you move away!
The gnoll hits you with a +0 club!
You die...

#.......####....####.............
........'........................
###.....#........................
........#............##..........
........#............##..........
......###............##)..)......
......# #.....................###
......###......g.................
............##gg@(...............
...............)#................
.......................<)........
.................................
............##'#.................
............#..............รท.....
.....#####.......................
.................................
..............................###


You could see 3 gnolls.

Vanquished Creatures
  Jessica (D:2)
  2 adders (D:2)
  A dart slug (D:2)
  3 ball pythons
  4 bats
  5 endoplasms
  2 giant cockroaches (D:2)
  2 goblins (D:2)
  6 hobgoblins
  3 jackals
  5 kobolds
  10 rats
44 creatures vanquished.

Notes
Turn   | Place    | Note
-------+----------+-------------------------------------------
     0 | D:1      | siradein the Vampire Arcane Marksman began the quest for
                  | the Orb.
     0 | D:1      | Reached XP level 1. HP: 14/14 MP: 2/2
    67 | D:1      | Reached skill level 1 in Fighting
   170 | D:1      | Reached XP level 2. HP: 21/21 MP: 3/3
   784 | D:1      | Found a faded altar of an unknown god.
   905 | D:2      | Noticed Jessica
  1089 | D:2      | Gained mutation: You are afflicted with vampirism and can
                  | become a bat while bloodless. [Vampire growth]
  1089 | D:2      | Reached XP level 3. HP: 26/26 MP: 4/4
  1165 | D:2      | Learned a level 3 spell: Portal Projectile
  1338 | D:2      | Killed Jessica
  1339 | D:2      | Reached XP level 4. HP: 31/33 MP: 5/5
  1729 | D:2      | Slain by a gnoll

Illustrated notes

Levels and vault maps discovered:
D:1:      lordsloth_arrival_two_stooges, layout_basic,
          shapermc_ecumenical_altar_pompeii, chequers_serial_rivers_large_a
D:2:      layout_basic, basic_altar, serial_bayou_ford_a,
          uniq_crazy_yiuf_cottage, uniq_jessica

Skill      XL: |  1  2 |
---------------+-------+-----
Fighting       | 1 |  1.7
Crossbows      | 2 |  2.7
Dodging        | |  2.9
Spellcasting   | |  1.2
Hexes          | |  4.8
Translocations | |  0.5

Action                   |  1- 3 |  4- 6 || total
-------------------------+-------+-------++-------
 Fire: Hand crossbow     |   109 |    38 ||   147
Armor: Robe              |     9 |    19 ||    28
Dodge: Dodged            |    23 |    51 ||    74

Table legend: (Time is in decaauts)
 A = Elapsed time spent in this place.
 B = Non-inter-level travel time spent in this place.
 C = Inter-level travel time spent in this place.
 D = Time resting spent in this place.
 E = Time spent auto-exploring this place.
 F = Levels seen in this place.
 G = Mean time per level.
                   A        B        C        D        E       F      G
               +--------+--------+--------+--------+--------+-----+--------+
         Total |   1802 |   1774 |     28 |    165 |   1157 |   2 |  901.0 |
       Dungeon |   1802 |   1774 |     28 |    165 |   1157 |   2 |  901.0 |
               +--------+--------+--------+--------+--------+-----+--------+

Top non-repeatable levels by time:
     D:1: 1123 daAuts
     D:2: 678 daAuts
